 Dungeon Crawl Stone Soup version 0.23.2-33-g5129a83 (webtiles) character file.

Game seed: 17908500433603430078

1222 Balder the Cutter (level 8, -1/54 HPs)
             Began as a Halfling Fighter on July 22, 2019.
             Was a Believer of Okawaru.
             Slain by a steam dragon (2 damage)
             ... on level 6 of the Dungeon.
             The game lasted 00:20:58 (5868 turns).

Balder the Cutter (Halfling Fighter)                Turns: 5868, Time: 00:20:59

Health: -1/54      AC: 15    Str: 18    XL:     8   Next: 76%
Magic:  8/8        EV:  7    Int:  6    God:    Okawaru [**....]
Gold:   228        SH: 11    Dex: 15    Spells: 7/7 levels left

rFire    . . .     SeeInvis +   a - +0 rapier
rCold    . . .     Gourm    .   c - +0 shield
rNeg     . . .     Faith    .   x - +0 plate armour
rPois    +         Spirit   .   k - +2 helmet {SInv}
rElec    .         Reflect  .   (no cloak)
rCorr    .         Harm     .   (no gloves)
MR       .....                  (no boots)
Stlth    ..........             (no amulet)
HPRegen  0.18/turn              j - ring of poison resistance
MPRegen  0.11/turn              (no ring)

@: about to teleport
A: small, mutation resistance 1
a: Heroism, Renounce Religion


You were on level 6 of the Dungeon.
You worshipped Okawaru.
Okawaru was pleased with you.
You were not hungry.

You visited 1 branch of the dungeon, and saw 6 of its levels.

You collected 384 gold pieces.
You spent 156 gold pieces at shops.

Inventory:

Hand Weapons
 a - a +0 rapier (weapon)
 b - a +0 hunting sling
 z - a +0 morningstar
Missiles
 h - 11 poisoned needles
Armour
 c - a +0 shield (worn)
 k - a +2 helmet of see invisible (worn)
 x - a +0 plate armour (worn)
Magical Staves
 d - an uncursed staff of energy {unknown}
Jewellery
 j - a ring of poison resistance (left hand)
 y - an uncursed ring of wizardry {unknown}
Wands
 o - a wand of polymorph (10)
 v - a wand of digging (3)
 B - a wand of iceblast (10)
Scrolls
 g - 3 scrolls of amnesia {unknown}
 i - 6 scrolls of identify
 n - 2 scrolls of teleportation
 p - a scroll of vulnerability {unknown}
 q - 10 scrolls of remove curse
 u - 2 scrolls of random uselessness {unknown}
 w - 4 scrolls of noise {unknown}
Potions
 e - a potion of magic {unknown}
 l - 4 potions of curing {unknown}
 m - a potion of cancellation {unknown}
 r - 2 potions of lignification {unknown}
 s - 2 potions of heal wounds
 A - a potion of degeneration {unknown}
Comestibles
 f - 9 rations


   Skills:
 * Level 3.8 Fighting
 * Level 7.1 Short Blades
 * Level 1.1 Slings
 * Level 5.1 Armour
 * Level 2.9 Dodging
 * Level 3.7 Stealth
 * Level 6.0 Shields
 * Level 0.7 Invocations


You had 7 spell levels left.
You didn't know any spells.
Your spell library was empty.

Dungeon Overview and Level Annotations

Branches:
Dungeon (6/15)             Temple (0/1) D:5

Altars:
Hepliaklqana
Okawaru
Qazlal
Ru
Sif Muna
Zin

Shops:
D:6 !


Innate Abilities, Weirdness & Mutations

You are small and have problems with some larger weapons.
You are somewhat resistant to further mutation.


Message History

The steam dragon claws you but does no damage.
As you read the scroll of teleportation, it crumbles to dust.
You feel strangely unstable. The steam dragon barely misses you.
The steam dragon claws you.
* * * LOW HITPOINT WARNING * * *
You block the steam dragon's attack.
The steam dragon claws you but does no damage.
The steam dragon breathes steam at you.
The ball of steam hits the steam dragon!
The steam dragon resists.
The ball of steam hits you!
* * * LOW HITPOINT WARNING * * *
You hit the steam dragon.
The steam dragon is heavily wounded.
You are engulfed in a cloud of scalding steam.
The fungus is engulfed in a cloud of scalding steam.
The fungus is destroyed!
The fungus is engulfed in a cloud of scalding steam.
The fungus is destroyed!
The steam dragon bites you.
You die...

. ##..........
#..##.....! #.####.....
#### #.# ##.... ##P.≈#
#.# #.### #≈P^P.#
#########≈.
≈P...≈P#########^P..PPP.≈
≈.....PP§§§≈.PP^.........
^%....DD@§§........P.P..P
#P...≈.≈§P§.^#######..≈P^
#.P..≈≈#######..## ###PPP
###P≈## #.....###.####
### #.......#..#
#....[..#..###
##...._........ #.
##.............. #..
##...#.......###.


You could see 2 steam dragons.

Vanquished Creatures
  Menkaure (D:5)
  A water moccasin (D:6)
  A sky beast (D:6)
  2 ogres
  A phantom (D:5)
  2 scorpions (D:5)
  4 hounds (D:5)
  A jelly (D:6)
  A bullfrog skeleton (D:5)
  An orc wizard (D:4)
  A centaur skeleton (D:5)
  An iguana (D:6)
  4 worker ants
  A hound skeleton (D:5)
  8 gnolls (D:5)
  5 adders
  An ooze (D:1)
  An adder skeleton (D:4)
  2 dart slugs
  3 leopard geckos
  7 orcs
  5 giant cockroaches
  A goblin (D:2)
  4 hobgoblins
  5 jackals
  2 quokkas (D:4)
  A ball python (D:5)
  5 bats
  2 frilled lizards
  8 kobolds
  3 leopard gecko skeletons
  4 rats (D:3)
89 creatures vanquished.

Vanquished Creatures (others)
  A jackal (D:4)
  2 fungi (D:6)
3 creatures vanquished.

Grand Total: 92 creatures vanquished

Notes
Turn   | Place    | Note
-------+----------+-------------------------------------------
     0 | D:1      | Balder the Halfling Fighter began the quest for the Orb.
     0 | D:1      | Reached XP level 1. HP: 15/15 MP: 1/1
   441 | D:1      | Reached XP level 2. HP: 12/20 MP: 2/2
  1273 | D:2      | Found an iron altar of Okawaru.
  1290 | D:2      | Became a worshipper of Warmaster Okawaru
  1325 | D:2      | Reached XP level 3. HP: 25/25 MP: 3/3
  1626 | D:2      | Found a glowing silver altar of Zin.
  1626 | D:2      | Noticed an angel
  1931 | D:3      | Reached skill level 3 in Short Blades
  1940 | D:3      | Reached skill level 1 in Stealth
  2369 | D:3      | Reached XP level 4. HP: 27/30 MP: 4/4
  2845 | D:3      | Reached skill level 1 in Dodging
  3190 | D:4      | Found a stormy altar of Qazlal.
  3303 | D:4      | Reached XP level 5. HP: 34/36 MP: 5/5
  3335 | D:4      | Noticed an ogre
  3344 | D:4      | Killed an ogre
  3344 | D:4      | Reached skill level 4 in Short Blades
  3585 | D:4      | Reached XP level 6. HP: 40/42 MP: 6/6
  3684 | D:5      | Entered Level 5 of the Dungeon
  3706 | D:5      | Reached * piety under Okawaru
  3706 | D:5      | Reached skill level 5 in Short Blades
  3720 | D:5      | Found a staircase to the Ecumenical Temple.
  3730 | D:5      | Reached XP level 7. HP: 43/46 MP: 7/7
  3995 | D:5      | Found a hazy altar of Hepliaklqana.
  4498 | D:5      | Reached skill level 6 in Short Blades
  4584 | D:5      | Reached skill level 5 in Shields
  4696 | D:5      | Reached XP level 8. HP: 52/52 MP: 8/8
  4727 | D:5      | Noticed Menkaure
  4735 | D:5      | Killed Menkaure
  4735 | D:5      | Reached ** piety under Okawaru
  5393 | D:6      | Found a sacrificial altar of Ru.
  5413 | D:6      | Reached skill level 5 in Armour
  5512 | D:6      | Reached skill level 7 in Short Blades
  5521 | D:6      | Found a deep blue altar of Sif Muna.
  5753 | D:6      | Reached skill level 1 in Slings
  5777 | D:6      | Found Jas Ger's Distillery.
  5790 | D:6      | Bought a potion of heal wounds for 60 gold pieces
  5790 | D:6      | Bought a potion of mutation for 96 gold pieces
  5867 | D:6      | HP: 1/54 [steam dragon/ball of steam (10)]
  5868 | D:6      | Slain by a steam dragon

Skill      XL: |  1  2  3  4  5  6  7  8 |
---------------+-------------------------+-----
Short Blades   | 3 4 5 6 7 |  7.1
Stealth        | 1 2 3 |  3.7
Dodging        | 1 2 |  2.9
Fighting       | 3 |  3.8
Armour         | 4 5 |  5.1
Shields        | 4 5 6 |  6.0
Slings         | 1 |  1.1
Invocations    | |  0.7

Action                   |  1- 3 |  4- 6 |  7- 9 || total
-------------------------+-------+-------+-------++-------
Melee: Rapier            |   112 |   134 |   313 ||   559
Invok: Heroism           |       |       |     1 ||     1
  Use: Scroll            |     6 |       |     4 ||    10
       Potion            |       |     1 |     4 ||     5
  Eat: Chunk             |     2 |       |     5 ||     7
       Ration            |     1 |     1 |     1 ||     3
Armor: Scale mail        |    33 |    17 |       ||    50
       Chain mail        |       |    35 |    20 ||    55
       Plate armour      |       |       |   152 ||   152
Dodge: Dodged            |    52 |    40 |    86 ||   178
Block: Shield            |     8 |    52 |   173 ||   233
       Buckler           |    23 |       |       ||    23
